 Dungeon Crawl Stone Soup version 0.29-a0-297-g7659ce593d (webtiles) character file.

Game seed: 10164610650393914236

130 kae the Firebug (level 5, -4/30 HPs)
             Began as a Tengu Fire Elementalist on Mar 20, 2022.
             Slain by Terence
             ... wielding a +0 flail
              (11 damage)
             ... on level 2 of the Dungeon.
             The game lasted 00:01:27 (2115 turns).

kae the Firebug (Tengu Fire Elementalist)           Turns: 2115, Time: 00:01:27

Health: -4/30      AC:  2    Str:  9    XL:     5   Next: 14%
Magic:  1/10       EV: 14    Int: 17    God:
Gold:   92         SH:  0    Dex: 14    Spells: 3/9 levels left

rFire   . . .      SeeInvis .   d - +2 short sword (freeze)
rCold   . . .      Faith    .   (no shield)
rNeg    . . .      Spirit   .   a - +0 robe
rPois   .          Reflect  .   (helmet restricted)
rElec   .          Harm     .   (no cloak)
rCorr   .          Rampage  .   (no gloves)
Will    .....                   (boots unavailable)
Stlth   ++........              (no amulet)
HPRegen 0.10/turn               (no ring)
MPRegen 0.12/turn               (no ring)

@: flying quickly and evasively, quick
A: beak, talons 3, nimble flight
a: no special abilities


You were on level 2 of the Dungeon.
You visited 1 branch of the dungeon, and saw 2 of its levels.

You collected 92 gold pieces.

Inventory:

Hand Weapons
 d - a +2 short sword of freezing (weapon)
Armour
 a - a +0 robe (worn)
Scrolls
 f - a scroll of identify
 g - 2 scrolls of immolation
Potions
 b - a potion of magic
 e - a potion of attraction
 j - a potion of flight


   Skills:
 + Level 1.7 Fighting
 - Level 2.1 Dodging
 - Level 2.0 Stealth
 + Level 2.7 Spellcasting
 + Level 3.0 Conjurations
 * Level 4.7 Fire Magic


You had 3 spell levels left.
You knew the following spells:

 Your Spells              Type           Power      Damage    Failure   Level
a - Foxfire               Conj/Fire      60%        2x1d7     3%          1
b - Scorch                Fire           36%        2d6       4%          2
c - Conjure Flame         Conj/Fire      15%        6-21      11%         3

Your spell library contained the following spells:

 Spells                   Type           Power      Damage    Failure   Level
 Inner Flame              Hex/Fire       10%        N/A       21%         3
 Flame Wave               Conj/Fire      15%        2d6       36%         4


Dungeon Overview and Level Annotations

Branches:
Dungeon (2/15)

Altars:
Elyvilon

Annotations:
D:2 Terence


Innate Abilities, Weirdness & Mutations

You have a beak for a mouth.
You have claws for feet.
Your magical nature lets you fly swiftly and evasively.


Message History

Confirm with . or Enter, or press ? or * to list all spells.
You don't have enough magic to cast this spell.
Casting: Scorch (safe; 4% risk of failure)
Confirm with . or Enter, or press ? or * to list all spells.
You conjure some foxfire!
Terence hits you with a +0 flail!
The foxfire hits Terence but does no damage.
Terence is severely wounded.
Terence closely misses you.
You barely miss Terence. You claw Terence, but do no damage.
Terence is severely wounded.
Terence hits you with a +0 flail.
Your foxfire dissipates!
Casting: Foxfire (safe; 3% risk of failure)
Confirm with . or Enter, or press ? or * to list all spells.
You conjure some foxfire!
Terence is no longer more vulnerable to fire.
Terence hits you with a +0 flail.
* * * LOW HITPOINT WARNING * * *
The foxfire hits Terence.
Terence is severely wounded.
The foxfire hits Terence.
Terence is almost dead.
Terence barely misses you.
Casting: Foxfire (safe; 3% risk of failure)
Confirm with . or Enter, or press ? or * to list all spells.
You don't have enough magic to cast this spell.
Okay, then.
You aren't carrying any items that you can evoke.
Unknown command.
Terence asks, "Do you want it fast or slow?"
Terence screams, "I'm going to kill you!"
Casting: Foxfire (safe; 3% risk of failure)
Confirm with . or Enter, or press ? or * to list all spells.
You conjure some foxfire!
The foxfire hits Terence but does no damage.
Terence is almost dead.
The foxfire hits Terence but does no damage.
Terence is almost dead.
Terence hits you with a +0 flail!
You die...

####### #.@...#
#@###.#
#.###.###########
#.#.............#
#.#.#.###.##.##.#
#.#.#.#
#.##.##.###
###.....#
#.##......#
#.....###
#.#####.#.#
#.#####
#.......#.#


You could see Terence.

Vanquished Creatures
  A necrophage (D:2)
  Robin (D:2)
  An adder (D:2)
  A ball python (D:1)
  5 endoplasms
  A giant cockroach (D:1)
  10 goblins
  9 hobgoblins
  3 kobolds
  2 quokkas
  3 bats
  8 rats
45 creatures vanquished.

Vanquished Creatures (others)
  99 foxfires
99 creatures vanquished.

Grand Total: 144 creatures vanquished

Notes
Turn   | Place    | Note
-------+----------+-------------------------------------------
     0 | D:1      | kae the Tengu Fire Elementalist began the quest for the
                  | Orb.
     0 | D:1      | Reached XP level 1. HP: 10/10 MP: 4/4
   194 | D:1      | Reached XP level 2. HP: 12/16 MP: 4/6
   911 | D:1      | Reached XP level 3. HP: 20/20 MP: 4/7
  1004 | D:1      | Found a faded altar of an unknown god.
  1126 | D:2      | Reached skill level 1 in Fighting
  1197 | D:2      | Noticed Robin
  1209 | D:2      | Reached skill level 4 in Fire Magic
  1223 | D:2      | Killed Robin
  1501 | D:2      | Reached XP level 4. HP: 5/25 MP: 5/8
  1691 | D:2      | Found a white marble altar of Elyvilon.
  1707 | D:2      | Noticed Terence
  1814 | D:2      | Noticed a necrophage
  1859 | D:2      | Learned a level 2 spell: Scorch
  1863 | D:2      | Learned a level 3 spell: Conjure Flame
  1994 | D:2      | Killed a necrophage
  1995 | D:2      | Gained mutation: Your magical nature lets you fly swiftly
                  | and evasively. [Tengu growth]
  1995 | D:2      | Reached XP level 5. HP: 28/30 MP: 0/10
  2115 | D:2      | Slain by Terence

Illustrated notes

Levels and vault maps discovered:
D:1:      wander_arrival_desolate, layout_rooms,
          chequers_ecumenical_altar_twisty
D:2:      layout_loops_cross, basic_altar, serial_shops,
          nicolae_shop_waterfront, uniq_robin, uniq_jessica, uniq_terence,
          uniq_crazy_yiuf_cottage

Skill      XL: |  1  2  3  4 |
---------------+-------------+-----
Conjurations   | 2 3 |  3.0
Fighting       | 1 |  1.7
Fire Magic     | 4 |  4.7
Dodging        | |  2.1
Stealth        | |  2.0
Spellcasting   | |  2.7

Action                   |  1- 3 |  4- 6 || total
-------------------------+-------+-------++-------
Melee: Short sword       |    24 |     2 ||    26
       Kick              |     3 |     1 ||     4
       Peck              |     1 |       ||     1
 Cast: Foxfire           |    47 |    15 ||    62
       Scorch            |       |     8 ||     8
  Use: Scroll            |     6 |       ||     6
       Potion            |     1 |     2 ||     3
Armor: Robe              |     6 |       ||     6
       Skin              |     4 |       ||     4
Dodge: Dodged            |    23 |     7 ||    30

Table legend: (Time is in decaauts)
 A = Elapsed time spent in this place.
 B = Non-inter-level travel time spent in this place.
 C = Inter-level travel time spent in this place.
 D = Time resting spent in this place.
 E = Time spent auto-exploring this place.
 F = Levels seen in this place.
 G = Mean time per level.
                   A        B        C        D        E       F      G
               +--------+--------+--------+--------+--------+-----+--------+
         Total |   2100 |   2042 |     58 |    283 |   1405 |   2 | 1050.0 |
       Dungeon |   2100 |   2042 |     58 |    283 |   1405 |   2 | 1050.0 |
               +--------+--------+--------+--------+--------+-----+--------+

Top non-repeatable levels by time:
     D:1: 1075 daAuts
     D:2: 1024 daAuts
